 Dungeon Crawl Stone Soup version 0.29-a0-1052-g6990b1bffc (webtiles) character file.

Game seed: 14862307122219558700

303 SensoryNuts the Shield-Bearer (level 6, 0/38 HPs)
             Began as a Gargoyle Fighter on Aug 17, 2022.
             Slain by Prince Ribbit (10 damage)
             ... on level 5 of the Dungeon.
             The game lasted 00:04:38 (4264 turns).

SensoryNuts the Shield-Bearer (Gargoyle Fighter)    Turns: 4264, Time: 00:04:38

Health: 0/38       AC: 20    Str: 22    XL:     6   Next: 38%
Magic:  6/6        EV:  9    Int:  8    God:
Gold:   322        SH:  5    Dex: 12    Spells: 5/5 levels left

rFire   . . .      SeeInvis .   a - +0 flail
rCold   . . .      Faith    .   c - +0 buckler
rNeg    + . .      Spirit   .   b - +0 scale mail
rPois   ∞          Reflect  .   e - +0 helmet
rElec   +          Harm     .   k - +1 cloak {Stlth+}
rCorr   .          Rampage  .   f - +1 pair of gloves {Dex+3}
Will    .....                   l - +2 pair of boots
Stlth   +.........              (no amulet)
HPRegen 0.12/turn               (no ring)
MPRegen 0.10/turn               (no ring)

@: brilliant, weak-willed
A: sickness immunity, AC +4, negative energy resistance 1, electricity
resistance, torment resistance 1, petrification resistance
a: no special abilities


You were on level 5 of the Dungeon.
You visited 1 branch of the dungeon, and saw 5 of its levels.

You collected 322 gold pieces.

Inventory:

Hand Weapons
 a - a +0 flail (weapon)
Armour
 b - a +0 scale mail (worn)
 c - a +0 buckler (worn)
 e - a +0 helmet (worn)
 f - a +1 pair of gloves of dexterity (worn)
 k - a +1 cloak of stealth (worn)
 l - a +2 pair of boots (worn)
Jewellery
 d - a +4 ring of slaying
 n - a ring of protection from fire
Wands
 h - a wand of charming (2)
Scrolls
 g - 5 scrolls of teleportation


   Skills:
 + Level 4.0 Fighting
 + Level 4.4 Maces & Flails
 + Level 4.2 Armour
 + Level 1.1 Dodging
 + Level 0.4 Stealth
 + Level 4.5 Shields


You had 5 spell levels left.
You didn't know any spells.
Your spell library contained the following spells:

 Spells                   Type           Power      Damage    Failure   Level
 Summon Small Mammal      Summ           0%         N/A       82%         1
 Call Canine Familiar     Summ           0%         N/A       99%         3
 Summon Guardian Golem    Hex/Summ       0%         N/A       99%         3


Dungeon Overview and Level Annotations

Branches:
Dungeon (5/15)
 Temple: D:4-7

Altars:
Qazlal
Xom

Shops:
D:2 :

Annotations:
D:5 Prince Ribbit


Innate Abilities, Weirdness & Mutations

You are immune to sickness and miasma.
Your stone body is resilient. (AC +4)
You are immune to poison.
You resist negative energy. (rN+)
You are resistant to electric shocks. (rElec)
You are resistant to unholy torment.
You are immune to petrification.


Message History

Found an escape hatch in the floor.
There is a stone staircase leading up here.
Prince Ribbit comes into view.
Found a scroll of immolation and a bronze wand.
Prince Ribbit gives a loud, deep croak!
Prince Ribbit is nearby!
Prince Ribbit is nearby!
Prince Ribbit is nearby!
Prince Ribbit hits you!
There is an escape hatch in the floor here.
You miss Prince Ribbit.
Prince Ribbit hits you but does no damage. x2
You completely miss Prince Ribbit.
Prince Ribbit hits you but does no damage.
Unknown command.
You aren't carrying any potions.
You sock Prince Ribbit!
Prince Ribbit is moderately wounded.
Prince Ribbit hops awkwardly around.
Prince Ribbit hits you but does no damage.
Prince Ribbit hits you.
You barely miss Prince Ribbit.
Prince Ribbit is moderately wounded.
Prince Ribbit barely misses you.
A jelly comes into view.
Prince Ribbit hits you!
You miss Prince Ribbit.
Prince Ribbit is moderately wounded.
Prince Ribbit hits you but does no damage.
You closely miss Prince Ribbit.
Prince Ribbit is moderately wounded.
Prince Ribbit hits you.
* * * LOW HITPOINT WARNING * * *
Prince Ribbit blinks!
Unknown command.
Okay, then.
You closely miss Prince Ribbit.
Prince Ribbit is moderately wounded.
Prince Ribbit hits you!
You die...

#########
....../@#
...####F# #.#
##>#######
###.####.........
#......<.....####
#.#.###.........?
#..###.#### #..#
.#


You could see Prince Ribbit.

Vanquished Creatures
  Crazy Yiuf (D:3)
  An orc priest (D:4)
  An iguana (D:4)
  An orc wizard (D:4)
  7 adders
  3 gnolls (D:4)
  2 worms
  4 dart slugs
  6 orcs
  5 endoplasms
  2 giant cockroaches
  6 goblins
  9 hobgoblins
  5 jackals
  2 quokkas
  8 ball pythons
  5 bats
  8 frilled lizards
  6 kobolds
  4 rats
86 creatures vanquished.

Notes
Turn   | Place    | Note
-------+----------+-------------------------------------------
     0 | D:1      | SensoryNuts the Gargoyle Fighter began the quest for the
                  | Orb.
     0 | D:1      | Reached XP level 1. HP: 14/14 MP: 1/1
   257 | D:1      | Reached XP level 2. HP: 19/19 MP: 2/2
   605 | D:1      | Reached XP level 3. HP: 22/23 MP: 3/3
   774 | D:1      | Found a faded altar of an unknown god.
  1290 | D:2      | Reached XP level 4. HP: 24/29 MP: 4/4
  1412 | D:2      | Found Ritreun's Book Boutique.
  2106 | D:3      | Reached skill level 1 in Dodging
  2106 | D:3      | Reached XP level 5. HP: 33/33 MP: 5/5
  2286 | D:3      | Identified the +4 chain mail of Chimes {Dex-2 Slay+5}
  2498 | D:3      | Found a runed translucent door.
  2499 | D:3      | Noticed Crazy Yiuf
  2986 | D:3      | Killed Crazy Yiuf
  3329 | D:4      | Reached XP level 6. HP: 23/38 MP: 6/6
  3838 | D:4      | Found a shimmering altar of Xom.
  3975 | D:4      | Found a stormy altar of Qazlal.
  4250 | D:5      | Entered Level 5 of the Dungeon
  4253 | D:5      | Noticed Prince Ribbit
  4264 | D:5      | Slain by Prince Ribbit

Illustrated notes

Levels and vault maps discovered:
D:1:      minmay_arrival_up_and_down, layout_loops_ring,
          shapermc_ecumenical_altar_pompeii, chequers_serial_rivers_micro_b
D:2:      layout_basic, serial_shops, shop
D:3:      layout_basic, minmay_unequal, uniq_crazy_yiuf_cottage, uniq_sigmund
D:4:      layout_loops_ring, mainiacjoe_overflow_alcove_1, pf_just_have_faith,
          hangedman_decor_growths
D:5:      layout_loops_ring, nicolae_stop_n_shop_1, uniq_prince_ribbit1

Skill      XL: |  1  2  3  4  5 |
---------------+----------------+-----
Shields        | 4 |  4.5
Maces & Flails | 3 4 |  4.4
Dodging        | 1 |  1.1
Fighting       | 4 |  4.0
Armour         | 4 |  4.2
Stealth        | |  0.4

Action                   |  1- 3 |  4- 6 || total
-------------------------+-------+-------++-------
Melee: Flail             |   123 |   179 ||   302
  Use: Scroll            |     3 |     2 ||     5
       Potion            |     2 |     6 ||     8
Armor: Scale mail        |    71 |   114 ||   185
Dodge: Dodged            |    62 |    84 ||   146
Block: Buckler           |    34 |    27 ||    61

Table legend: (Time is in decaauts)
 A = Elapsed time spent in this place.
 B = Non-inter-level travel time spent in this place.
 C = Inter-level travel time spent in this place.
 D = Time resting spent in this place.
 E = Time spent auto-exploring this place.
 F = Levels seen in this place.
 G = Mean time per level.
                   A        B        C        D        E       F      G
               +--------+--------+--------+--------+--------+-----+--------+
         Total |   4350 |   4146 |    204 |     34 |   3352 |   5 |  870.0 |
       Dungeon |   4350 |   4146 |    204 |     34 |   3352 |   5 |  870.0 |
               +--------+--------+--------+--------+--------+-----+--------+

Top non-repeatable levels by time:
     D:1: 1251 daAuts
     D:3: 1223 daAuts
     D:4: 1007 daAuts
     D:2: 853 daAuts
     D:5: 14 daAuts
